 Dungeon Crawl Stone Soup version 0.31.0-9-g3a7656b989 (webtiles) character file.

Game seed: 15469562877188717502

2 CaptainMV the Sneak (level 1, 0/16 HPs)
             Began as a Demonspawn Wanderer on Feb 2, 2024.
             Slain by a goblin
             ... wielding a +0 dagger
              (2 damage)
             ... on level 1 of the Dungeon.
             The game lasted 00:01:01 (40 turns).

CaptainMV the Sneak (Demonspawn Wanderer)             Turns: 40, Time: 00:01:02

Health: 0/16       AC:  3    Str: 10    XL:     1   Next: 33%
Magic:  1/1        EV: 10    Int: 13    God:
Gold:   0          SH:  4    Dex: 13    Spells: 0/0 levels left

rFire   . . .        a - +2 dagger
rCold   . . .        d - +0 buckler
rNeg    . . .        f - +0 robe
rPois   .            (no helmet)
rElec   .            (no cloak)
rCorr   .            g - +0 pair of gloves
SInv    .            (no boots)
Will    .....        (no amulet)
Stlth   ++           (no ring)
HPRegen 0.22/turn    (no ring)
MPRegen 0.07/turn

%: no passive effects
@: no status effects
A: no striking features
a: no special abilities


You were on level 1 of the Dungeon.
You visited 1 branch of the dungeon, and saw 1 of its levels.

Inventory:

Hand Weapons
 a - a +2 dagger (weapon)
 b - a +0 quarterstaff
Armour
 d - a +0 buckler (worn)
 f - a +0 robe (worn)
 g - a +0 pair of gloves (worn)
Potions
 c - a potion of haste
 e - a potion of heal wounds


   Skills:
 + Level 2.1 Fighting
 + Level 1.0 Staves
 + Level 1.0 Armour
 + Level 2.8 Stealth
 + Level 1.7 Shields
 + Level 1.2 Invocations


You couldn't memorise any spells.
You didn't know any spells.
Your spell library was empty.

Dungeon Overview and Level Annotations

Branches:
Dungeon (1/15)

Altars:


Message History

You block the goblin's attack. You block the ball python's attack.
The ball python grabs you. The ball python constricts you.
You barely miss the ball python. The goblin hits you with a +0 dagger.
The ball python loses its grip on you.
You barely miss the ball python. The ball python closely misses you.
The ball python grabs you. The ball python constricts you.
The goblin closely misses you. The ball python bites you.
You hit the ball python.
The ball python is heavily wounded.
The ball python barely misses you. The ball python constricts you.
The ball python bites you but does no damage.
The goblin hits you but does no damage. The ball python bites you.
The ball python constricts you.
You hit the ball python.
You kill the ball python!
The goblin hits you with a +0 dagger.
The ball python bites you but does no damage.
The ball python constricts you.
You hit the ball python.
The ball python is severely wounded.
The kobold misses you. The goblin hits you with a +0 dagger.
You block the ball python's attack. The ball python constricts you.
You barely miss the ball python.
The ball python is severely wounded.
The kobold hits you with a +0 short sword.
The goblin closely misses you. The ball python bites you.
The ball python constricts you.
You hit the ball python.
You kill the ball python!
The goblin barely misses you. You block the kobold's attack.
You block the goblin's attack. The kobold barely misses you.
You hit the kobold.
The kobold is moderately wounded.
The kobold misses you. The goblin hits you but does no damage.
You hit the kobold but do no damage.
The kobold is moderately wounded.
The kobold hits you with a +0 short sword.
* * * LOW HITPOINT WARNING * * *
The goblin hits you with a +0 dagger.
You die...

.# ... .#####. #..
.#......## #.# ....#
#...######.# ....#
#..#.....# ≈≈..#
#.......### . .≈..#
#.......###... ....#
##.....#....... .≈..#
##..##.@†.......
≈≈..######..##.gK#.#.#.$.
...........##....#...
...#.########.#..#...#
.....# ...##......#
##..## .### .........
#.## # .......... ..#
.......... ##.


You could see a goblin and a kobold.

Vanquished Creatures
  2 ball pythons (D:1)
  A bat (D:1)
3 creatures vanquished.

Notes
Turn   | Place    | Note
-------+----------+-------------------------------------------
     0 | D:1      | CaptainMV the Demonspawn Wanderer began the quest for the
                  | Orb.
     0 | D:1      | CaptainMV set off with the following items: a +2 dagger, a
                  | potion of haste, a +0 quarterstaff, a +0 buckler, a potion
                  | of heal wounds, a +0 robe.
     0 | D:1      | Reached XP level 1. HP: 16/16 MP: 1/1
    40 | D:1      | Slain by a goblin

Illustrated notes

Levels and vault maps discovered:
D:1:      mainiacjoe_arrival_oval_in_oval, layout_rooms, serial_shops,
          nicolae_shop_just_a_little_nook

Action                     || total
---------------------------++-------
  Melee: Dagger            ||    10
   Stab: Sleeping          ||     1
 Armour: Robe              ||    13
  Dodge: Dodged            ||     8
  Block: Buckler           ||     5
